woodfighter, chaotic male human Barbarian -------------- ------- ------------- |............| |.....| |.........*.-# #.............| |.....----- |...........|# #|*...........| |...*.....| |...........|# #------------|- |.........| -.-|-----.---# ### # |.........| # ^ ## # # ### *->........| # # # # ###----|---.-- ### # # ### # # # # ### # # ### # ############ ######### # -----# ### # ## --.-- -.------------ ### |...|# # ### --|------ #....| |............-- # |....# -.--------# |...?s...#######|..{| |.............| ##-...| |.........# |..o_%*.| |...| |.............| |...| |....<...| |o.[oD..| ----- |.......^.....| |...-####|........| |.......| --.......[....| |...| #|........| --------- -------------- ----- #---------- ############ woodfighter the Brigand Experience level: 10 Strength: 25 Dexterity: 18 Constitution: 19 Intelligence: 8 Wisdom: 8 Charisma: 7 Health: 0(110) Energy: 26(26) Def: 14 Gold: 0 Moves: 19870 Dungeon seed: _seqQU5EzxkK1UBo Game ID: woodfighter_1446362863 Your Inventory: Amulets z - an uncursed amulet of reflection (being worn) Weapons a - an uncursed greased +0 battle-axe (weapon in hands) b - 10 uncursed +0 daggers (in quiver) Armor e - an uncursed +1 dwarvish mithril-coat (being worn) y - an uncursed +0 Hawaiian shirt (being worn) C - an uncursed thoroughly rusty +0 pair of gauntlets of power (being worn) F - a blessed thoroughly rusty +1 dwarvish iron helm (being worn) J - an uncursed +0 cloak of invisibility (being worn) X - an uncursed +0 pair of speed boots (being worn) Comestibles i - 2 uncursed apples x - 2 uncursed tripe rations A - an uncursed pizza O - an uncursed lizard corpse R - 5 uncursed food rations Wands n - an uncursed wand of create monster (0:12) o - an uncursed wand of locking (0:5) u - an uncursed wand of fire (0:4) w - a cursed wand of striking (0:3) B - an uncursed wand of teleportation (0:6) E - an uncursed wand of digging (0:4) K - an uncursed wand of magic missile (0:4) L - an uncursed wand of probing (0:3) M - an uncursed wand of undead turning (0:5) T - an uncursed wand of lightning (0:3) Tools c - an uncursed credit card d - an uncursed +0 unicorn horn h - an uncursed magic whistle s - an uncursed sack t - a cursed blindfold D - an uncursed +0 unicorn horn G - an uncursed thoroughly rusty +0 pick-axe H - an uncursed can of grease (0:20) U - an uncursed oil lamp (0:1375) Gems p - an uncursed luckstone q - an uncursed touchstone Contents of the sack: 20 gold pieces a cursed +0 robe an uncursed clove of garlic an uncursed lizard corpse 2 uncursed lumps of royal jelly an uncursed sprig of wolfsbane an uncursed spellbook of blank paper an uncursed spellbook of cancellation an uncursed spellbook of force bolt an uncursed spellbook of magic missile a blessed potion of extra healing an uncursed ring of cold resistance an uncursed ring of conflict an uncursed +0 ring of gain constitution an uncursed ring of hunger an uncursed +1 ring of increase damage an uncursed ring of polymorph control an uncursed ring of regeneration an uncursed ring of slow digestion an uncursed ring of teleportation Spells and supernatural/magical abilities: Name Level Category Fail Memory W - pray for help -- divine ? -- Your skills at the end: Miscellaneous Skills bare handed combat [Basic] Weapon Skills axe [Master] short sword [Basic] Spellcasting Skills Final Attributes: You were piously aligned. You were poison resistant. You were telepathic. You were invisible. You were protected. You were very fast. You had reflection. You were lucky. You had extra luck. Bad luck did not time out for you. Good luck did not time out for you. You are dead. Vanquished creatures: a titan 3 green dragons a stone golem a titanothere 9 baby green dragons an aligned priest a lurker above a frost giant 2 vampires a ghost a queen bee 2 giant mimics a flesh golem 3 large mimics a wumpus 5 long worms a stalker 2 water elementals a giant mummy 2 black nagas a giant zombie 4 small mimics 2 warhorses a xan 3 ettin mummies a quantum mechanic 4 trolls a pyrolisk 2 freezing spheres a flaming sphere a shocking sphere a tiger a gargoyle a dwarf king 2 tengu a chameleon 2 crocodiles a leocrotta 2 energy vortices a mountain centaur a python 2 wraiths 7 ettin zombies 2 giant beetles a cockatrice 7 wolves a panther 4 leprechauns 3 quivering blobs 4 lizards 2 mumakil 2 giant spiders 6 scorpions an iron piercer an ice vortex 2 black lights 2 vampire bats 6 gnome kings a brown pudding 3 rust monsters 2 owlbears 2 yetis a werewolf 2 Green-elves a dog 2 dingos a housecat 3 jaguars 2 dwarf lords 6 white unicorns 2 gray unicorns a dust vortex a raven 2 plains centaurs 6 snakes 9 apes a human zombie a rope golem 4 soldier ants 4 bugbears a wood nymph 7 Uruk-hai a rock mole 2 rock piercers 2 ponies 5 yellow lights 6 shriekers a violet fungus 16 gnome lords 8 gnomish wizards a guardian naga hatchling 3 gray oozes 3 barrow wights 13 elf zombies a ghoul a straw golem a paper golem 5 giant ants 3 little dogs 7 floating eyes 24 dwarves a homunculus 6 kobold lords 6 iguanas 3 hill orcs 3 rothes 5 giant bats 2 monkeys 6 orc zombies 14 dwarf zombies a wererat a werejackal 22 killer bees 3 coyotes 4 gas spores 10 hobbits 3 acid blobs 2 large kobolds 10 geckos 5 hobgoblins 8 giant rats 8 cave spiders 3 brown molds 6 yellow molds 3 red molds 56 gnomes 5 garter snakes 4 manes 3 gnome zombies 7 jackals 3 foxes 2 kobolds 10 newts 8 goblins 5 sewer rats 14 grid bugs 13 bats 10 lichens 5 kobold zombies 575 creatures vanquished. Voluntary challenges: You had been an atheist until turn 3512. You used a wielded weapon 787 times, starting on turn 3. You read items or engraved 17 times, starting on turn 4121. You never genocided any monsters. You never polymorphed an object. You changed form 1 time, starting on turn 15959. You completed Sokoban on turn 10452, according to the rules. You used no wishes. You never split a pudding. You never wrote Elbereth's name. You violated your moral code, losing 3 points of alignment, starting on turn 19855. Dungeon overview: The Dungeons of Doom: levels 1 to 22 Level 1 a fountain a long staircase Level 2 a scroll shop, a fountain Level 3 a sink Level 4 stairs to The Gnomish Mines Level 5 a scroll shop, a fountain, a sink Level 6 Level 7 (Oracle) many fountains Level 8 stairs to Sokoban Level 9 Level 10 Level 11 (vault?) a fountain Level 12 Level 13 some fountains, a sink Level 14 (Quest) Level 15 (Big Room) Level 16 (Rogue) Level 17 a fountain Level 18 Level 19 a fountain Level 20 a fountain Level 21 <- You were here a temple to Crom, a fountain Level 22 (Medusa) The Gnomish Mines: levels 5 to 12 Level 5 stairs to The Dungeons of Doom Level 6 Level 7 Level 8 many shops, a temple to Mitra, a magic chest, some fountains Level 9 Level 10 Level 11 Level 12 a magic chest, a fountain Sokoban: levels 4 to 7 Level 4 a magic chest Level 5 Level 6 Level 7 a magic chest stairs to The Dungeons of Doom History has recorded: On T:1 you entered the Dungeons of Doom to retrieve the Amulet of Yendor! On T:234 you reached level 2 of The Dungeons of Doom. On T:574 you advanced to experience level 2. On T:905 you reached level 3 of The Dungeons of Doom. On T:990 you advanced to experience level 3. On T:1313 you reached level 4 of The Dungeons of Doom. On T:1542 you advanced to experience level 4. On T:1580 you reached level 5 of The Dungeons of Doom. On T:1726 you reached level 1 of The Gnomish Mines. On T:1947 you advanced to experience level 5. On T:2057 you reached level 2 of The Gnomish Mines. On T:2447 you advanced to experience level 6. On T:2485 you reached level 3 of The Gnomish Mines. On T:3291 you reached level 4 of The Gnomish Mines. On T:3504 you entered the Minetown temple On T:3554 you opened a magic chest. On T:3759 you advanced to experience level 7. On T:3981 you opened a magic chest. On T:3982 you opened a magic chest. On T:4013 you opened a magic chest. On T:4120 you opened a magic chest. On T:4269 you opened a magic chest. On T:4311 you reached level 5 of The Gnomish Mines. On T:4363 you advanced to experience level 8. On T:4391 you reached level 6 of The Gnomish Mines. On T:4813 you reached level 7 of The Gnomish Mines. On T:4948 you reached level 8 of The Gnomish Mines. On T:4948 you reached the bottom of the Mines. On T:5774 you opened a magic chest. On T:5775 you opened a magic chest. On T:5811 you opened a magic chest. On T:6204 you advanced to experience level 9. On T:6370 you opened a magic chest. On T:6990 you opened a magic chest. On T:7097 you opened a magic chest. On T:7097 you opened a magic chest. On T:7099 you opened a magic chest. On T:7100 you opened a magic chest. On T:7101 you opened a magic chest. On T:7584 you reached level 6 of The Dungeons of Doom. On T:7777 you reached level 7 of The Dungeons of Doom. On T:7904 you reached level 8 of The Dungeons of Doom. On T:8304 you reached level 4 of Sokoban. On T:8356 you reached level 9 of The Dungeons of Doom. On T:8682 you reached level 3 of Sokoban. On T:9078 you opened a magic chest. On T:9078 you opened a magic chest. On T:9294 you reached level 2 of Sokoban. On T:9843 you reached level 1 of Sokoban. On T:10452 you advanced to experience level 10. On T:10452 you entered the Sokoban zoo. On T:10518 you opened a magic chest. On T:10520 you opened a magic chest. On T:10521 you opened a magic chest. On T:11006 you reached level 10 of The Dungeons of Doom. On T:11279 you reached level 11 of The Dungeons of Doom. On T:11358 you reached level 12 of The Dungeons of Doom. On T:11909 you reached level 13 of The Dungeons of Doom. On T:12389 you reached level 14 of The Dungeons of Doom. On T:12554 you reached level 15 of The Dungeons of Doom. On T:13183 you opened a magic chest. On T:13183 you opened a magic chest. On T:13185 you opened a magic chest. On T:13189 you opened a magic chest. On T:13189 you opened a magic chest. On T:13190 you opened a magic chest. On T:13520 you reached level 16 of The Dungeons of Doom. On T:14332 you opened a magic chest. On T:14333 you opened a magic chest. On T:15007 you advanced to experience level 11. On T:15033 you reached level 17 of The Dungeons of Doom. On T:15073 you reached level 18 of The Dungeons of Doom. On T:15445 you reached level 19 of The Dungeons of Doom. On T:15763 you reached level 20 of The Dungeons of Doom. On T:17065 you opened a magic chest. On T:17067 you opened a magic chest. On T:17068 you opened a magic chest. On T:17069 you opened a magic chest. On T:17365 you opened a magic chest. On T:17366 you opened a magic chest. On T:17367 you opened a magic chest. On T:17368 you opened a magic chest. On T:17369 you opened a magic chest. On T:17372 you opened a magic chest. On T:17374 you opened a magic chest. On T:17541 you opened a magic chest. On T:17543 you opened a magic chest. On T:17571 you opened a magic chest. On T:17573 you opened a magic chest. On T:17592 you opened a magic chest. On T:17593 you opened a magic chest. On T:17594 you opened a magic chest. On T:17594 you opened a magic chest. On T:17594 you opened a magic chest. On T:17603 you opened a magic chest. On T:17703 you opened a magic chest. On T:17994 you opened a magic chest. On T:18024 you opened a magic chest. On T:18030 you opened a magic chest. On T:18031 you opened a magic chest. On T:18033 you opened a magic chest. On T:18035 you opened a magic chest. On T:18040 you opened a magic chest. On T:18040 you opened a magic chest. On T:18042 you opened a magic chest. On T:18051 you opened a magic chest. On T:18052 you opened a magic chest. On T:18330 you reached level 21 of The Dungeons of Doom. On T:18924 you reached level 22 of The Dungeons of Doom. On T:19351 you opened a magic chest. On T:19351 you opened a magic chest. On T:19519 you opened a magic chest. Score breakdown: Gold: 20 ( 2 points) Experience: 10 levels ( 900 points) Exploration: 22 levels ( 630 points) Discoveries: 36 items ( 1800 points) Variety of kills: 139 monsters ( 2000 points) Major goal: Sokoban/Mines ( 1500 points) Survival: died (score multiplied by 3) Total score: 20496 Latest messages: You feel as if you need some help. You put a unicorn horn into the magic chest. You put 2 uncursed gems called valuable into the magic chest. Your movements are now unencumbered. You put 4 uncursed gems called valuable into the magic chest. You put 3 uncursed gems called valuable into the magic chest. You put an uncursed gem called valuable into the magic chest. W - 3 uncursed red gems. Z - 6 uncursed violet gems. f - 2 uncursed white gems. g - 3 uncursed white gems. v - 2 uncursed white gems. Your knapsack cannot accommodate any more items. E - an uncursed wand of digging. S - an uncursed wand of enlightenment. K - an uncursed wand of magic missile. V - an uncursed wand of opening. You put a blessed potion called sickness? into the magic chest. You put 4 uncursed potions called sickness? into the magic chest. You put an uncursed white potion into the magic chest. You begin praying to Crom. The scorpion claws you! The scorpion misses. The scorpion stings! The Uruk-hai punches you! You die... Final status: Goodbye woodfighter the Barbarian, killed by an Uruk-hai, while praying... You died in The Dungeons of Doom on dungeon level 21 with 20496 points, and 20 pieces of gold, after 19870 moves. You were level 10 with a maximum of 110 hit points when you died.